TOP OF THE 1ST |
Kalamazoo Royale with Cheese batting - Pitching for Seattle Pikes : LHP Marcos Benítez
|
Pitching: LHP Marcos Benítez
|
|
Batting: RHB Jorge Márquez
|
0-0: Ball 1-0: Foul Ball, location: 2F 1-1: Ground out 6-3 (Groundball, 56)
|
Batting: RHB Miguel Encarnación
|
0-0: Ball 1-0: Foul Ball, location: 2F 1-1: Ball 2-1: Called Strike 2-2: SOLO HOME RUN (Line Drive, 7LD), Distance : 384 ft
|
Batting: RHB Arturo Rodríguez
|
0-0: Called Strike 0-1: Ball 1-1: Ball 2-1: SINGLE (Groundball, 5D)
|
Batting: LHB Al Mills
|
0-0: Ball 1-0: Called Strike 1-1: Ball 2-1: Ball 3-1: Called Strike 3-2: Strikes out looking
|
Batting: RHB Run-ming Zhu
|
0-0: Called Strike 0-1: Ground out 1-3 (Groundball, 13S)
|
Top of the 1st over - 1 run(s), 2 hit(s), 0 error(s), 1 left on base; Kalamazoo 1 - Seattle 0 |
BOTTOM OF THE 1ST |
Seattle Pikes batting - Pitching for Kalamazoo Royale with Cheese : LHP Lorenzo Sánchez
|
Pitching: LHP Lorenzo Sánchez
|
|
Batting: RHB Pete Rideout
|
0-0: Called Strike 0-1: Foul Ball, location: 2F 0-2: Strikes out looking
|
Batting: RHB Wallace Greene
|
0-0: Called Strike 0-1: Ball 1-1: Swinging Strike 1-2: Ball 2-2: Ball 3-2: Foul Ball, location: 2F 3-2: Base on Balls
|
Batting: RHB António Ortega
|
0-0: Ball 1-0: Ball 2-0: Swinging Strike 2-1: Swinging Strike 2-2: Ball 3-2: Strikes out swinging Wallace Greene steals 2nd base Batter strikes out.
|
Batting: LHB Richard Hunter
|
0-0: Called Strike 0-1: Ball 1-1: Ball 2-1: Fly out, F8 (Flyball, 8RXD)
|
Bottom of the 1st over - 0 run(s), 0 hit(s), 0 error(s), 1 left on base; Kalamazoo 1 - Seattle 0 |
TOP OF THE 2ND |
Kalamazoo Royale with Cheese batting - Pitching for Seattle Pikes : LHP Marcos Benítez
|
Batting: RHB Fernando Díaz
|
0-0: Ball 1-0: Foul Ball, location: 2F 1-1: Ground out 1-3 (Groundball, 13S)
|
Batting: RHB Pedro Rosado
|
0-0: Ball 1-0: Swinging Strike 1-1: Foul Ball, location: 2F 1-2: Strikes out swinging
|
Batting: LHB David Richardson
|
0-0: Ball 1-0: Ball 2-0: Ground out 4-3 (Groundball, 4S)
|
Top of the 2nd over - 0 run(s), 0 hit(s), 0 error(s), 0 left on base; Kalamazoo 1 - Seattle 0 |
BOTTOM OF THE 2ND |
Seattle Pikes batting - Pitching for Kalamazoo Royale with Cheese : LHP Lorenzo Sánchez
|
Batting: RHB Manuel Rico
|
0-0: Ball 1-0: Ball 2-0: Foul Ball, location: 2F 2-1: Swinging Strike 2-2: Ball 3-2: Foul Ball, location: 2F 3-2: Strikes out swinging
|
Batting: RHB Randy Sheppard
|
0-0: Called Strike 0-1: Hit by Pitch
|
Batting: RHB Eugene Gill
|
0-0: SINGLE (Groundball, 34D) Randy Sheppard to second Runner from 2nd tries for 3rd, SAFE, throw made to third
|
Batting: SHB António Hernández
|
0-0: Ball Wild Pitch! Randy Sheppard scores Eugene Gill to second 1-0: Ball 2-0: Swinging Strike 2-1: Ball 3-1: Foul Ball, location: 2F 3-2: Foul Ball, location: 2F 3-2: Base on Balls
|
Batting: RHB Iván Gonzáles
|
0-0: Foul Ball, location: 2F 0-1: Ball 1-1: Called Strike 1-2: Ball 2-2: Ball 3-2: Base on Balls Eugene Gill to third António Hernández to second
|
Batting: RHB Pete Rideout
|
0-0: Foul Ball, location: 2F 0-1: Ball 1-1: Foul Ball, location: 2F 1-2: Ball 2-2: Ball 3-2: Foul Ball, location: 2F 3-2: Foul Ball, location: 2F 3-2: Foul Ball, location: 2F 3-2: Base on Balls Eugene Gill scores António Hernández to third Iván Gonzáles to second
|
Batting: RHB Wallace Greene
|
0-0: Called Strike 0-1: Swinging Strike 0-2: Strikes out swinging
|
Batting: RHB António Ortega
|
0-0: Ball 1-0: Fielders Choice at 2nd, 5-4 (Groundball, 56)
|
Bottom of the 2nd over - 2 run(s), 1 hit(s), 0 error(s), 2 left on base; Kalamazoo 1 - Seattle 2 |
TOP OF THE 3RD |
Kalamazoo Royale with Cheese batting - Pitching for Seattle Pikes : LHP Marcos Benítez
|
Batting: RHB Andy Aiton
|
0-0: Swinging Strike 0-1: Swinging Strike 0-2: Ground out 1-3 (Groundball, 13S)
|
Batting: RHB Jorge Márquez
|
0-0: Ball 1-0: Ground out 6-3 (Groundball, 6)
|
Batting: RHB Miguel Encarnación
|
0-0: Called Strike 0-1: Ball 1-1: Fly out, F9 (Flyball, 9D)
|
Top of the 3rd over - 0 run(s), 0 hit(s), 0 error(s), 0 left on base; Kalamazoo 1 - Seattle 2 |
BOTTOM OF THE 3RD |
Seattle Pikes batting - Pitching for Kalamazoo Royale with Cheese : LHP Lorenzo Sánchez
|
Batting: LHB Richard Hunter
|
0-0: Ball 1-0: Ball 2-0: TRIPLE (Flyball, 8RXD)
|
Batting: RHB Manuel Rico
|
0-0: Ball 1-0: Ball 2-0: Ball 3-0: SINGLE (Flyball, 7LS) Richard Hunter scores
|
Batting: RHB Randy Sheppard
|
0-0: Grounds into double play, 6-4-3 (Groundball, 6)
|
Batting: RHB Eugene Gill
|
0-0: Ball 1-0: Called Strike 1-1: Foul Ball, location: 2F 1-2: Strikes out swinging
|
Bottom of the 3rd over - 1 run(s), 2 hit(s), 0 error(s), 0 left on base; Kalamazoo 1 - Seattle 3 |
TOP OF THE 4TH |
Kalamazoo Royale with Cheese batting - Pitching for Seattle Pikes : LHP Marcos Benítez
|
Batting: RHB Arturo Rodríguez
|
0-0: Called Strike 0-1: Foul Ball, location: 2F 0-2: Ball 1-2: Foul Ball, location: 2F 1-2: Ball 2-2: Foul Ball, location: 2F 2-2: Foul Ball, location: 2F 2-2: Ball 3-2: Fly out, F7 (Flyball, 7)
|
Batting: LHB Al Mills
|
0-0: Ball 1-0: Foul Ball, location: 2F 1-1: Ground out U3 (Groundball, 3L)
|
Batting: RHB Run-ming Zhu
|
0-0: Fly out, F7 (Line Drive, 7)
|
Top of the 4th over - 0 run(s), 0 hit(s), 0 error(s), 0 left on base; Kalamazoo 1 - Seattle 3 |
BOTTOM OF THE 4TH |
Seattle Pikes batting - Pitching for Kalamazoo Royale with Cheese : LHP Lorenzo Sánchez
|
Batting: SHB António Hernández
|
0-0: Foul Ball, location: 2F 0-1: Foul Ball, location: 2F 0-2: Ball 1-2: Ground out 3-1 (Groundball, 34S)
|
Batting: RHB Iván Gonzáles
|
0-0: Fly out, F5 (Line Drive, 56)
|
Batting: RHB Pete Rideout
|
0-0: Called Strike 0-1: Ball 1-1: Foul Ball, location: 2F 1-2: Ground out 5-3 (Groundball, 5)
|
Bottom of the 4th over - 0 run(s), 0 hit(s), 0 error(s), 0 left on base; Kalamazoo 1 - Seattle 3 |
TOP OF THE 5TH |
Kalamazoo Royale with Cheese batting - Pitching for Seattle Pikes : LHP Marcos Benítez
|
Batting: RHB Fernando Díaz
|
0-0: Ball 1-0: Foul Ball, location: 2F 1-1: Foul Ball, location: 2F 1-2: SINGLE (Groundball, 34D)
|
Batting: RHB Pedro Rosado
|
0-0: Called Strike 0-1: Ball 1-1: Foul Ball, location: 2F 1-2: Ball 2-2: DOUBLE (Groundball, 3L) Fernando Díaz to third
|
Batting: LHB David Richardson
|
0-0: Called Strike 0-1: Foul Ball, location: 2F 0-2: Ball 1-2: Ground out 4-3 (Groundball, 4) Fernando Díaz scores Pedro Rosado to third
|
Batting: RHB Andy Aiton
|
0-0: Called Strike 0-1: Ball 1-1: Swinging Strike 1-2: Ground out 4-3 (Groundball, 4)
|
Batting: RHB Jorge Márquez
|
0-0: Foul Ball, location: 2F 0-1: Foul Ball, location: 2F 0-2: Ball 1-2: DOUBLE (Flyball, 9LM) Pedro Rosado scores
|
Batting: RHB Miguel Encarnación
|
0-0: Called Strike 0-1: Ball 1-1: Foul Ball, location: 2F 1-2: Strikes out swinging
|
Top of the 5th over - 2 run(s), 3 hit(s), 0 error(s), 1 left on base; Kalamazoo 3 - Seattle 3 |
BOTTOM OF THE 5TH |
Seattle Pikes batting - Pitching for Kalamazoo Royale with Cheese : LHP Lorenzo Sánchez
|
Batting: RHB Wallace Greene
|
0-0: Called Strike 0-1: Foul Ball, location: 2F 0-2: Ball 1-2: Ball 2-2: Foul Ball, location: 2F 2-2: Ball 3-2: Ground out 1-3 (Groundball, 13)
|
Batting: RHB António Ortega
|
0-0: Ball 1-0: Called Strike 1-1: Foul Ball, location: 2F 1-2: Strikes out swinging
|
Batting: LHB Richard Hunter
|
0-0: Foul Ball, location: 2F 0-1: Hit by Pitch
|
Pitching: RHP Rikiya Sakurai
|
|
Batting: RHB Manuel Rico
|
0-0: Ball Wild Pitch! Richard Hunter to second 1-0: Ball 2-0: Ball 3-0: Called Strike 3-1: Foul Ball, location: 2F 3-2: Ground out 5-3 (Groundball, 56)
|
Bottom of the 5th over - 0 run(s), 0 hit(s), 0 error(s), 1 left on base; Kalamazoo 3 - Seattle 3 |
TOP OF THE 6TH |
Kalamazoo Royale with Cheese batting - Pitching for Seattle Pikes : LHP Marcos Benítez
|
Batting: RHB Arturo Rodríguez
|
0-0: Ball 1-0: Ball 2-0: Ball 3-0: Called Strike 3-1: Ground out 6-3 (Groundball, 6)
|
Batting: LHB Al Mills
|
0-0: Called Strike 0-1: Foul Ball, location: 2F 0-2: SINGLE (Groundball, 4MD)
|
Batting: RHB Run-ming Zhu
|
0-0: Ball 1-0: Swinging Strike 1-1: Foul Ball, location: 2F 1-2: SINGLE (Groundball, 6) (infield hit) Al Mills to second
|
Batting: RHB Fernando Díaz
|
0-0: Ball 1-0: Swinging Strike 1-1: SINGLE (Line Drive, 89S) Al Mills to third Run-ming Zhu to second Runner from 3rd tries for Home, SAFE, throw made home
|
Batting: RHB Pedro Rosado
|
0-0: SINGLE (Groundball, 34D) Run-ming Zhu to third Fernando Díaz to second Runner from 3rd tries for Home, SAFE, throw made home Fernando Díaz to third Pedro Rosado to second
|
Pitching: RHP Orlando Ojeda
|
|
Batting: LHB David Richardson
|
0-0: Ball 1-0: Called Strike 1-1: Ball 2-1: Ball 3-1: Base on Balls
|
Batting: RHB Andy Aiton
|
0-0: Ball 1-0: Ball 2-0: Foul Ball, location: 2F 2-1: Foul Ball, location: 2F 2-2: SINGLE (Groundball, 4D) Fernando Díaz scores Pedro Rosado to third David Richardson to second Runner from 3rd tries for Home, SAFE, no throw
|
Batting: RHB Jorge Márquez
|
0-0: Ball 1-0: Foul Ball, location: 2F 1-1: Ball 2-1: SINGLE (Line Drive, 8RS) David Richardson to third Andy Aiton to second
|
Batting: RHB Miguel Encarnación
|
0-0: Grounds into double play, 6-4-3 (Groundball, 6)
|
Top of the 6th over - 4 run(s), 6 hit(s), 0 error(s), 2 left on base; Kalamazoo 7 - Seattle 3 |
BOTTOM OF THE 6TH |
Seattle Pikes batting - Pitching for Kalamazoo Royale with Cheese : RHP Rikiya Sakurai
|
Batting: RHB Randy Sheppard
|
0-0: Called Strike 0-1: Ball 1-1: Swinging Strike 1-2: Foul Ball, location: 2F 1-2: DOUBLE (Flyball, 78D)
|
Batting: RHB Eugene Gill
|
0-0: Ball 1-0: Ball 2-0: Swinging Strike 2-1: Foul Ball, location: 2F 2-2: Foul Ball, location: 2F 2-2: Strikes out looking
|
Batting: SHB António Hernández
|
0-0: Ground out 6-3 (Groundball, 56)
|
Batting: RHB Iván Gonzáles
|
0-0: Ball 1-0: Ball 2-0: Fly out, F8 (Flyball, 89D)
|
Bottom of the 6th over - 0 run(s), 1 hit(s), 0 error(s), 1 left on base; Kalamazoo 7 - Seattle 3 |
TOP OF THE 7TH |
Kalamazoo Royale with Cheese batting - Pitching for Seattle Pikes : RHP Orlando Ojeda
|
Batting: RHB Arturo Rodríguez
|
0-0: Called Strike 0-1: Ball 1-1: Called Strike 1-2: Ground out 4-3 (Groundball, 4D)
|
Batting: LHB Al Mills
|
0-0: Called Strike 0-1: Called Strike 0-2: Strikes out looking
|
Batting: RHB Run-ming Zhu
|
0-0: Called Strike 0-1: Foul Ball, location: 2F 0-2: Ball 1-2: Ball 2-2: Ball 3-2: Ground out 4-3 (Groundball, 4M)
|
Top of the 7th over - 0 run(s), 0 hit(s), 0 error(s), 0 left on base; Kalamazoo 7 - Seattle 3 |
BOTTOM OF THE 7TH |
Seattle Pikes batting - Pitching for Kalamazoo Royale with Cheese : RHP Rikiya Sakurai
|
Batting: RHB Pete Rideout
|
0-0: Ball 1-0: Foul Ball, location: 2F 1-1: Called Strike 1-2: Ball 2-2: Ball 3-2: Foul Ball, location: 2F 3-2: Ground out 5-3 (Groundball, 5S)
|
Batting: RHB Wallace Greene
|
0-0: Fly out, F8 (Flyball, 8RXD)
|
Batting: RHB António Ortega
|
0-0: DOUBLE (Line Drive, 78XD)
|
Batting: LHB Richard Hunter
|
0-0: Fly out, F8 (Flyball, 8LXD)
|
Bottom of the 7th over - 0 run(s), 1 hit(s), 0 error(s), 1 left on base; Kalamazoo 7 - Seattle 3 |
TOP OF THE 8TH |
Kalamazoo Royale with Cheese batting - Pitching for Seattle Pikes : RHP Orlando Ojeda
|
Batting: RHB Fernando Díaz
|
0-0: Foul Ball, location: 2F 0-1: Ball 1-1: Ball 2-1: Ball 3-1: Foul Ball, location: 2F 3-2: Reached on error, E4 (Popup, 34D)
|
Batting: RHB Pedro Rosado
|
0-0: Sac Bunt - play at first, batter OUT! 1-3 Fernando Díaz to second
|
Batting: LHB David Richardson
|
0-0: Ball 1-0: Ground out 4-3 (Groundball, 4M) Fernando Díaz to third
|
Batting: RHB Andy Aiton
|
0-0: Ball 1-0: Ball 2-0: Ball 3-0: Called Strike 3-1: Called Strike 3-2: Strikes out swinging
|
Top of the 8th over - 0 run(s), 0 hit(s), 1 error(s), 1 left on base; Kalamazoo 7 - Seattle 3 |
BOTTOM OF THE 8TH |
Seattle Pikes batting - Pitching for Kalamazoo Royale with Cheese : RHP Rikiya Sakurai
|
Batting: RHB Manuel Rico
|
0-0: Called Strike 0-1: Ball 1-1: Ground out 6-3 (Groundball, 6)
|
Pitching: RHP Fergus Wakeford
|
|
Batting: RHB Randy Sheppard
|
0-0: Ball 1-0: Fly out, F8 (Line Drive, 8RM)
|
Batting: RHB Eugene Gill
|
0-0: Called Strike 0-1: Ball 1-1: Called Strike 1-2: Ball 2-2: Strikes out swinging
|
Bottom of the 8th over - 0 run(s), 0 hit(s), 0 error(s), 0 left on base; Kalamazoo 7 - Seattle 3 |
TOP OF THE 9TH |
Kalamazoo Royale with Cheese batting - Pitching for Seattle Pikes : RHP Orlando Ojeda
|
Pitching: LHP Cristián Escobar
|
|
Batting: RHB Jorge Márquez
|
0-0: SINGLE (Groundball, 6D)
|
Batting: RHB Miguel Encarnación
|
0-0: Swinging Strike 0-1: Ball 1-1: Sac Bunt - play at first, batter safe! Jorge Márquez to second
|
Batting: RHB Arturo Rodríguez
|
0-0: Called Strike 0-1: Ball 1-1: Foul Ball, location: 2F 1-2: Foul Ball, location: 2F 1-2: Ball 2-2: Strikes out swinging
|
Batting: LHB Al Mills
|
0-0: Called Strike 0-1: Ball 1-1: Ball 2-1: Ball 3-1: Swinging Strike 3-2: Ground out U3 (Groundball, 34S) Jorge Márquez to third Miguel Encarnación to second
|
Batting: RHB Run-ming Zhu
|
0-0: Ball 1-0: Swinging Strike 1-1: Foul Ball, location: 2F 1-2: Ball 2-2: Foul Ball, location: 2F 2-2: Foul Ball, location: 2F 2-2: Strikes out swinging
|
Top of the 9th over - 0 run(s), 2 hit(s), 0 error(s), 2 left on base; Kalamazoo 7 - Seattle 3 |
BOTTOM OF THE 9TH |
Seattle Pikes batting - Pitching for Kalamazoo Royale with Cheese : RHP Fergus Wakeford
|
Batting: SHB António Hernández
|
0-0: Foul Ball, location: 2F 0-1: Ball 1-1: Swinging Strike 1-2: Ground out 4-3 (Groundball, 4)
|
Batting: RHB Iván Gonzáles
|
0-0: DOUBLE (Line Drive, 7LM)
|
Batting: RHB Pete Rideout
|
0-0: Called Strike 0-1: Ball 1-1: Called Strike 1-2: Strikes out swinging
|
Batting: RHB Wallace Greene
|
0-0: Swinging Strike 0-1: Called Strike 0-2: SINGLE (Line Drive, 4D) Iván Gonzáles to third Throwing error, E9 Iván Gonzáles scores Wallace Greene to second
|
Pitching: LHP Morgan McDormand
|
|
Batting: RHB António Ortega
|
0-0: Called Strike 0-1: Foul Ball, location: 2F 0-2: Ball 1-2: Fly out, F9 (Flyball, 89S)
|
Bottom of the 9th over - 1 run(s), 2 hit(s), 1 error(s), 1 left on base; Kalamazoo 7 - Seattle 4 |
|